 Dungeon Crawl Stone Soup version 0.28-a0-1533-gee5c5fb (webtiles) character file.

Game seed: 1112635111149790314

138 Illumine the Chopper (level 5, 0/63 HPs)
             Began as a Hill Orc Gladiator on Jan 17, 2022.
             Succumbed to a scorpion's poison
             ... on level 4 of the Dungeon.
             The game lasted 00:02:21 (2999 turns).

Illumine the Chopper (Hill Orc Gladiator)           Turns: 2999, Time: 00:02:22

Health: 0/63       AC: 22    Str: 19    XL:     5   Next: 21%
Magic:  5/5        EV:  2    Int:  8    God:
Gold:   91         SH:  0    Dex: 12    Spells: 4/4 levels left

rFire   . . .      SeeInvis .   a - +0 war axe
rCold   . . .      Faith    .   (no shield)
rNeg    . . .      Spirit   .   (armour currently unavailable)
rPois   +          Reflect  .   (helmet currently unavailable)
rElec   .          Harm     .   (cloak currently unavailable)
rCorr   .          Rampage  .   (gloves currently unavailable)
Will    .....      NoTele   +   (boots currently unavailable)
Stlth   +.........              (no amulet)
HPRegen 0.20/turn               (no ring)
MPRegen 0.09/turn               (no ring)

@: lethally poisoned (0 -> -1), tree-form
A: stationary, stasis, torment immunity, boosted hp
a: no special abilities


You were on level 4 of the Dungeon.
You were a tree.
You visited 1 branch of the dungeon, and saw 4 of its levels.

You collected 91 gold pieces.

Inventory:

Hand Weapons
 a - a +0 war axe (weapon)
 f - a +0 hunting sling
Missiles
 d - 3 throwing nets (quivered)
Armour
 b - a +0 leather armour (melded)
 c - a +0 helmet (melded)
Scrolls
 e - 3 scrolls of teleportation {unknown}
 i - 2 scrolls of enchant weapon {unknown}
 k - 3 scrolls of identify {unknown}
 m - a scroll of amnesia {unknown}
 o - a scroll of holy word {unknown}
 p - 3 scrolls of enchant armour {unknown}
 q - a scroll of magic mapping {unknown}
Potions
 h - a potion of might {unknown}
 j - a potion of cancellation {unknown}
 l - a potion of flight {unknown}
 n - 2 potions of curing {unknown}
 r - a potion of heal wounds {unknown}


   Skills:
 - Level 2.4 Fighting
 + Level 7.6 Axes
 - Level 1.7 Throwing
 - Level 2.4 Dodging


You had 4 spell levels left.
You didn't know any spells.
Your spell library was empty.

Dungeon Overview and Level Annotations

Branches:
Dungeon (4/15)
 Temple: D:4-7

Altars:
Zin

Shops:
D:1 [   D:2 =

Portals:
Ossuary: D:4


Message History

You are no longer poisoned.
The scorpion stings you. x2
You barely miss the scorpion.
The scorpion is severely wounded.
The scorpion closely misses you.
You hit the scorpion.
The scorpion is severely wounded.
The scorpion stings you. x2
You are poisoned.
The scorpion poisons you!
You hit the scorpion.
The scorpion is almost dead.
You feel very sick. The scorpion misses you.
You barely miss the scorpion.
The scorpion is almost dead.
You feel sick. The scorpion stings you.
* * * LOW HITPOINT WARNING * * *
You completely miss the scorpion.
The scorpion is almost dead.
* * * LOW HITPOINT WARNING * * *
You feel sick.
The scorpion stings you but does no damage.
An orc comes into view. It is wielding a +0 club.
The scorpion barely misses you.
It was a potion of lignification.
You turn into a tree.
Your +0 helmet melds into your body.
Your +0 leather armour melds into your body.
Your roots penetrate the ground.
You feel sick.
The orc shouts!
The scorpion stings you but does no damage.
You barely miss the scorpion.
The scorpion is almost dead.
You feel sick. The scorpion stings you.
* * * LOW HITPOINT WARNING * * *
An orc comes into view. It is wielding a +0 club.
Unknown command.
You hit the scorpion.
You kill the scorpion!
You die...

.#... ##. . ....
.' #.#... .o
....##.##
#.......#
#.#..o#.#
###.......# +#
......∩♣..# .#
###.#.....##
#.#####
#..#.##..###.#....
#........##....#
######.#.#.....##
#..........#
#.#.##..#..#
#.#.##..#..#
#.#........#


You could see 2 orcs.

Vanquished Creatures
  A scorpion (D:4)
  Jessica (D:3)
  A gnoll (D:1)
  2 adders
  An adder skeleton (D:4)
  4 dart slugs
  2 orcs (D:3)
  10 ball pythons
  3 bats
  8 endoplasms
  A giant cockroach (D:1)
  7 goblins
  4 hobgoblins
  6 jackals (D:1)
  7 kobolds
  3 quokkas
  2 frilled lizards
  6 rats
69 creatures vanquished.

Notes
Turn   | Place    | Note
-------+----------+-------------------------------------------
     0 | D:1      | Illumine the Hill Orc Gladiator began the quest for the
                  | Orb.
     0 | D:1      | Reached XP level 1. HP: 18/18 MP: 1/1
    17 | D:1      | Reached XP level 2. HP: 18/25 MP: 2/2
   241 | D:1      | Reached skill level 5 in Axes
   439 | D:1      | Reached XP level 3. HP: 25/30 MP: 3/3
   526 | D:1      | Found Icselu Wimu's Armour Shop.
   901 | D:1      | Reached skill level 6 in Axes
  1283 | D:2      | Reached XP level 4. HP: 37/37 MP: 4/4
  1546 | D:2      | Found a glowing silver altar of Zin.
  2018 | D:2      | Found Plog's Jewellery Boutique.
  2130 | D:3      | Noticed Jessica
  2140 | D:3      | Killed Jessica
  2141 | D:3      | Reached skill level 7 in Axes
  2286 | D:3      | Reached XP level 5. HP: 41/42 MP: 5/5
  2293 | D:3      | Noticed a shining eye
  2295 | D:3      | Found a faded altar of an unknown god.
  2297 | D:3      | Noticed a great orb of eyes
  2297 | D:3      | Noticed a great orb of eyes
  2297 | D:3      | Noticed a golden eye
  2978 | D:4      | Found a sand-covered staircase.
  2998 | D:4      | HP: 1/63 [scorpion (4)]
  2999 | D:4      | Succumbed to a scorpion's poison

Illustrated notes

Levels and vault maps discovered:
D:1:      eino_arrival_cavern_d, layout_loops_ring, serial_shops,
          nicolae_lakefront_shop, minmay_misc_feat_tiny
D:2:      layout_basic, basic_altar, serial_shops, nicolae_shop_behind_doors,
          chequers_serial_rivers_room_a, due_unseen_surprise
D:3:      minmay_skewed_foursquare, layout_basic,
          hellmonk_ecumenical_altar_watching_god, corexii_leaking_fountain,
          uniq_jessica
D:4:      layout_loops_corners, chequers_temple_overflow_minitemple,
          nicolae_ossuary_entry_ruins

Skill      XL: |  1  2  3  4 |
---------------+-------------+-----
Axes           | 5 6 7 |  7.6
Fighting       | |  2.4
Throwing       | |  1.7
Dodging        | |  2.4

Action                   |  1- 3 |  4- 6 || total
-------------------------+-------+-------++-------
Melee: War axe           |    89 |    93 ||   182
       Punch             |     2 |       ||     2
  Use: Potion            |       |     1 ||     1
 Stab: Sleeping          |     1 |       ||     1
Armor: Leather armour    |    29 |    25 ||    54
       Skin              |       |     1 ||     1
Dodge: Dodged            |    77 |    61 ||   138

Table legend: (Time is in decaauts)
 A = Elapsed time spent in this place.
 B = Non-inter-level travel time spent in this place.
 C = Inter-level travel time spent in this place.
 D = Time resting spent in this place.
 E = Time spent auto-exploring this place.
 F = Levels seen in this place.
 G = Mean time per level.
                   A        B        C        D        E       F      G
               +--------+--------+--------+--------+--------+-----+--------+
         Total |   3032 |   2939 |     93 |    247 |   2209 |   4 |  758.0 |
       Dungeon |   3032 |   2939 |     93 |    247 |   2209 |   4 |  758.0 |
               +--------+--------+--------+--------+--------+-----+--------+

Top non-repeatable levels by time:
     D:1: 1255 daAuts
     D:2: 849 daAuts
     D:3: 742 daAuts
     D:4: 184 daAuts
